 Dungeon Crawl Stone Soup version 0.27-b1-23-g44b8eac545 (webtiles) character file.

Game seed: 9501777055180236760

89 Crownlay the Covered (level 4, -1/39 HPs)
             Began as a Hill Orc Fighter on July 27, 2021.
             Slain by a water moccasin (8 damage)
             ... in a sewer.
             The game lasted 00:05:38 (2208 turns).

Crownlay the Covered (Hill Orc Fighter)             Turns: 2208, Time: 00:05:38

Health: -1/39      AC:  7    Str: 18    XL:     4   Next: 55%
Magic:  4/4        EV:  7    Int:  8    God:
Gold:   29         SH:  9    Dex: 11    Spells: 3/3 levels left

rFire    . . .     SeeInvis .   a - +0 war axe
rCold    . . .     Faith    .   c - +0 kite shield
rNeg     . . .     Spirit   .   b - +0 scale mail
rPois    .         Reflect  .   (no helmet)
rElec    .         Harm     .   (no cloak)
rCorr    .         Rampage  .   (no gloves)
Will     .....                  (no boots)
Stlth    ..........             (no amulet)
HPRegen  0.13/turn              (no ring)
MPRegen  0.09/turn              (no ring)

@: lethally poisoned (-1 -> -14)
A: no striking features
a: no special abilities


You were in a sewer.
You visited 1 branch of the dungeon, and saw 3 of its levels.
You also visited: Sewer.

You collected 64 gold pieces.
You spent 35 gold pieces at shops.

Inventory:

Hand Weapons
 a - a +0 war axe (weapon)
Armour
 b - a +0 scale mail (worn)
 c - a +0 kite shield (worn)
 m - a +0 plate armour
 n - a +0 helmet
Jewellery
 e - a ring of protection from fire
Scrolls
 g - a scroll of summoning {unknown}
 i - a scroll of amnesia {unknown}
 j - a scroll of noise {unknown}
 l - a scroll of identify {unknown}
 o - a scroll of torment {unknown}
Potions
 d - a potion of might
 f - a potion of curing {unknown}
 h - 3 potions of haste {unknown}
 k - a potion of cancellation {unknown}


   Skills:
 - Level 3.6 Fighting
 - Level 2.6 Axes
 * Level 5.0 Armour
 * Level 4.2 Shields


You had 3 spell levels left.
You didn't know any spells.
Your spell library contained the following spells:

 Spells                   Type           Power      Damage    Failure   Level
 Sublimation of Blood     Necr           0%         N/A       100%        2
 Petrify                  Tmut/Erth      0%         N/A       100%        4
 Irradiate                Conj/Tmut      0%         3d14      100%        5


Dungeon Overview and Level Annotations

Branches:
Dungeon (3/15)              Sewer (1/1)

Altars:
Yredelemnul
The Shining One

Shops:
D:1 [   D:3 ?


Message History

No reachable target in view!
No reachable target in view!
No reachable target in view!
Unknown command.
The bat hits you but does no damage. You block the bat's attack.
You see here a bat corpse.
You block the bat's attack. The bat hits you but does no damage.
You hit the bat.
You kill the bat!
You see here a bat corpse.
HP restored.
A water moccasin comes into view.
The water moccasin hisses angrily.
Found a scroll labelled UCIS HUCLESUUCS and 26 gold pieces.
You barely miss the water moccasin. The water moccasin bites you.
You are poisoned.
The water moccasin poisons you! The water moccasin bites you.
You closely miss the water moccasin.
You feel very sick.
The water moccasin completely misses you.
The water moccasin barely misses you. You block the water moccasin's attack.
You slash the water moccasin!
The water moccasin is moderately wounded.
You feel sick. The water moccasin closely misses you.
The water moccasin bites you.
You are too injured to fight recklessly!
You feel sick.
You miss the water moccasin.
The water moccasin is moderately wounded.
You feel sick. You block the water moccasin's attack.
The water moccasin barely misses you. The water moccasin bites you.
You are lethally poisoned!
The water moccasin poisons you!
You barely miss the water moccasin.
The water moccasin is moderately wounded.
* * * LOW HITPOINT WARNING * * *
You feel very sick. You block the water moccasin's attack.
The water moccasin bites you!
You die...

#.# #.# #.#
####### #.#
##.....## #.#
##...≈...#
#.#######...≈≈≈...
#..........≈≈≈≈≈.∩
#.#######...≈≈≈†..
#@# ##...≈...# #S#
##.....## #.#
####### ... .....
....... #.......#
#.......#
#..$?$..#


You could see a water moccasin.

Vanquished Creatures
  2 adders
  An ufetubus (D:3)
  3 dart slugs (D:1)
  5 ball pythons
  5 endoplasms
  6 giant cockroaches
  2 hobgoblins (D:1)
  4 jackals (D:2)
  6 quokkas
  7 bats
  4 frilled lizards
  4 goblins
  2 kobolds (D:1)
  4 rats (D:1)
55 creatures vanquished.

Notes
Turn   | Place    | Note
-------+----------+-------------------------------------------
     0 | D:1      | Crownlay the Hill Orc Fighter began the quest for the Orb.
     0 | D:1      | Reached XP level 1. HP: 19/19 MP: 1/1
   116 | D:1      | Reached XP level 2. HP: 8/26 MP: 2/2
   589 | D:1      | Reached skill level 4 in Armour
   589 | D:1      | Reached XP level 3. HP: 30/31 MP: 3/3
   838 | D:1      | Found Kubbir's Antique Armour Emporium.
  1203 | D:2      | Found a faded altar of an unknown god.
  1742 | D:2      | Found a basalt altar of Yredelemnul.
  1829 | D:2      | Reached XP level 4. HP: 39/39 MP: 4/4
  1958 | D:3      | Found a glowing golden altar of the Shining One.
  2031 | D:3      | Found Cakkulup's Magic Scroll Emporium.
  2045 | D:3      | Bought a scroll of magic mapping for 35 gold pieces
  2094 | D:3      | Found a glowing drain.
  2120 | Sewer    | Entered a sewer
  2124 | Sewer    | Reached skill level 5 in Armour
  2200 | Sewer    | Noticed a water moccasin
  2208 | Sewer    | Slain by a water moccasin

Illustrated notes

Levels and vault maps discovered:
D:1:      lemuel_arrival_hallway, layout_loops_cross, serial_shops, shop,
          chequers_serial_rivers_small_a
D:2:      layout_basic, hellmonk_ecumenical_altar_pennies_from_heaven,
          basic_altar
D:3:      layout_basic, mainiacjoe_overflow_catwalk, portal_sewer_entry_f,
          serial_shops, shop, uniq_natasha
Sewer:    sewer_big_baddie

Skill      XL: |  1  2  3  4 |
---------------+-------------+-----
Armour         | 4 5 |  5.0
Shields        | 4 |  4.2
Fighting       | |  3.6
Axes           | |  2.6

Action                   |  1- 3 |  4- 6 || total
-------------------------+-------+-------++-------
Melee: War axe           |   100 |    46 ||   146
  Use: Scroll            |       |     1 ||     1
Armor: Scale mail        |    78 |    61 ||   139
Dodge: Dodged            |    37 |    48 ||    85
Block: Kite shield       |    56 |    64 ||   120
